[Event "Titled Tuesday Blitz August 08 Early 2023"]
[White "Harshavardhan G B"]
[Black "Tsvetkov, Andrey"]
[WhiteFideId "25059009"]
[BlackFideId "34139360"]
[WhiteElo "2884"]
[BlackElo "2590"]
[Result "0-1"]
[Round "2"]
[TimeControl "180+1"]
[Date "2023.08.08"]
[WhiteClock "0:00:26"]
[BlackClock "0:00:08"]
[Board "40"]

1. d4 Nf6 2. c4 e6 3. Nf3 d5 4. Nc3 c6 5. e3 Nbd7 6. Bd3 dxc4 7. Bxc4 b5 8. Be2 a6 9. O-O c5 10. e4 cxd4 11. Nxd4 Bb7 12. Bf3 Ne5 13. Bf4 Nxf3+ 14. gxf3 Bc5 15. Be3 Nd7 16. Nc2 Rc8 17. Kh1 O-O 18. Rg1 Ne5 19. Qe2 Qh4 20. Rg3 Ng6 21. Rag1 Bd6 22. R3g2 b4 23. Na4 f5 24. Nd4 fxe4 25. f4 Nxf4 26. Bxf4 Bxf4 27. Nxe6 e3 28. f3 Bxh2 29. Rxh2 Bxf3+ 30. Qxf3 Qxh2+ 31. Kxh2 Rxf3 32. Rxg7+ Kh8 33. Rg2 Rg8 34. Rxg8+ Kxg8 35. Kg2 e2 36. Kxf3 e1=Q 37. Nec5 h5 38. Nxa6 Qd1+ 0-1


[Site "https://www.chess.com"]

[Event "Titled Tuesday Blitz August 08 Early 2023"]
[White "Baskakov, Egor"]
[Black "Vlassov, Nikolai"]
[WhiteFideId "24197866"]
[BlackFideId "4103360"]
[WhiteElo "2880"]
[BlackElo "2589"]
[Result "1-0"]
[Round "2"]
[TimeControl "180+1"]
[Date "2023.08.08"]
[WhiteClock "0:00:10"]
[BlackClock "0:00:05"]
[Board "41"]

1. e4 Nc6 2. Nc3 Nf6 3. g3 d5 4. exd5 Nd4 5. Nf3 Bg4 6. Bg2 Nxd5 7. a3 e6 8. h3 Bxf3 9. Bxf3 Nxf3+ 10. Qxf3 Be7 11. O-O O-O 12. d3 Nxc3 13. bxc3 Qd5 14. Kg2 Bf6 15. Bd2 Rfd8 16. Rab1 b6 17. c4 Qxf3+ 18. Kxf3 Kf8 19. a4 a5 20. Rb5 Bd4 21. Rfb1 Rd7 22. Be3 Rad8 23. c5 bxc5 24. Rxa5 c4 25. dxc4 Bxe3 26. Kxe3 Rd2 27. Rb7 Rxc2 28. Rxc7 Rc3+ 29. Ke2 Rc2+ 30. Kf3 g5 31. Raa7 f5 32. Rxh7 Kg8 33. Rag7+ Kf8 34. Rd7 Rxd7 35. Rxd7 Rxc4 36. Ra7 Rc3+ 37. Kg2 Ra3 38. h4 gxh4 39. gxh4 Kg8 40. h5 e5 41. a5 e4 42. a6 f4 43. h6 Ra2 44. Rg7+ Kh8 45. a7 e3 46. Rb7 e2 47. Re7 Rxa7 48. Rxe2 Kh7 49. Re6 Rf7 50. Kf3 Rf8 51. Kg4 Rf7 52. f3 Rf8 53. Kg5 Rf7 54. Rd6 Rf8 55. Rd7+ Kh8 56. Kg6 Ra8 57. Rd6 Kg8 58. Rf6 Ra3 59. h7+ 1-0


[Site "https://www.chess.com"]

[Event "Titled Tuesday Blitz August 08 Early 2023"]
[White "only_strong_moves"]
[Black "Galchenko, Matvey"]
[BlackFideId "24175480"]
[WhiteElo "2589"]
[BlackElo "2874"]
[Result "0-1"]
[Round "2"]
[TimeControl "180+1"]
[Date "2023.08.08"]
[WhiteClock "0:00:00"]
[BlackClock "0:01:04"]
[Board "42"]

1. d4 Nf6 2. c4 c5 3. d5 e6 4. Nc3 exd5 5. cxd5 d6 6. Nf3 g6 7. Nd2 Bg7 8. e4 O-O 9. Be2 Re8 10. O-O a6 11. a4 Nbd7 12. Qc2 Rb8 13. a5 Qc7 14. f4 b5 15. axb6 Rxb6 16. Nc4 Rb4 17. Bd2 Nb6 18. b3 Nxc4 19. Bxc4 Ng4 20. Ne2 Bxa1 21. Rxa1 Rb8 22. h3 Nf6 23. Ng3 Qe7 24. Re1 Nd7 25. Bc3 Qh4 26. Qf2 Nb6 27. Bd3 Bd7 28. Ba1 Bb5 29. Bb1 f6 30. f5 Nd7 31. fxg6 hxg6 32. Re3 Ne5 33. Bc2 Bd7 34. Re1 a5 35. Rf1 Rf8 36. Bc3 Ra8 37. Ra1 f5 38. exf5 gxf5 39. Bxe5 dxe5 40. Qe1 e4 41. Nxe4 Qxe1+ 42. Rxe1 fxe4 43. Rxe4 Bf5 0-1


[Site "https://www.chess.com"]

[Event "Titled Tuesday Blitz August 08 Early 2023"]
[White "Kravtsiv, Martyn"]
[Black "Vaibhav Jayant Raut"]
[WhiteFideId "14113147"]
[BlackFideId "5089034"]
[WhiteElo "2869"]
[BlackElo "2588"]
[Result "0-1"]
[Round "2"]
[TimeControl "180+1"]
[Date "2023.08.08"]
[WhiteClock "0:00:02"]
[BlackClock "0:00:03"]
[Board "43"]

1. e4 c5 2. Nf3 Nc6 3. Bb5 g6 4. O-O Bg7 5. Re1 Nf6 6. e5 Nd5 7. Nc3 Nc7 8. Bxc6 dxc6 9. h3 O-O 10. d3 Ne6 11. Ne4 b6 12. b3 Nd4 13. Bb2 Bf5 14. Neg5 h6 15. Ne4 Qd5 16. c4 Qd7 17. Nxd4 cxd4 18. Ng3 c5 19. Qf3 Be6 20. Bc1 Qc7 21. Qe2 Rae8 22. Bd2 a5 23. a3 f6 24. f4 f5 25. b4 axb4 26. axb4 Ra8 27. Reb1 Bd7 28. e6 Bc6 29. b5 Bb7 30. Nf1 Qd6 31. Nh2 Rf6 32. Rxa8+ Bxa8 33. Re1 Bb7 34. Bc1 Bc8 35. Qa2 Rxe6 36. Rxe6 Bxe6 37. Qa7 Kh7 38. Nf3 Bd7 39. Qb7 Be8 40. Kf2 Bf7 41. Bd2 Bf6 42. h4 Kg7 43. g3 Qd8 44. Ne5 Bxe5 45. fxe5 Be6 46. Bf4 Kh7 47. Qc6 Qc8 48. Qxb6 Bf7 49. Qa7 Qe6 50. b6 g5 51. b7 gxf4 52. gxf4 Qg6 53. b8=Q Qg4 54. Qxc5 Qxf4+ 55. Ke2 Bh5+ 56. Ke1 Qe3+ 57. Kf1 Be2+ 58. Kg2 Bf3+ 59. Kh2 Qf2+ 0-1


[Site "https://www.chess.com"]

[Event "Titled Tuesday Blitz August 08 Early 2023"]
[White "Krutko, Anatoly"]
[Black "Isanzhulov, Arystan"]
[WhiteFideId "4185862"]
[BlackFideId "13711644"]
[WhiteElo "2587"]
[BlackElo "2868"]
[Result "0-1"]
[Round "2"]
[TimeControl "180+1"]
[Date "2023.08.08"]
[WhiteClock "0:00:12"]
[BlackClock "0:00:36"]
[Board "44"]

1. Nf3 a6 2. g3 g6 3. Bg2 Bg7 4. O-O Nf6 5. c4 O-O 6. Nc3 c6 7. e4 d6 8. d4 b5 9. cxb5 axb5 10. e5 Nfd7 11. exd6 exd6 12. Bf4 Nb6 13. Ne4 d5 14. Nc5 Na6 15. Ne5 g5 16. Be3 Bxe5 17. dxe5 Nc4 18. Bd4 Nxc5 19. Bxc5 Re8 20. f4 Nxb2 21. Qh5 Bf5 22. Bd4 Nd3 23. fxg5 Bg6 24. Qh6 Ra4 25. Bc3 Qb6+ 26. Kh1 Nf2+ 27. Rxf2 Qxf2 28. e6 d4 29. Rf1 Qxa2 30. exf7+ Bxf7 31. g6 Bxg6 32. Bd2 Ra7 33. Bg5 Rf7 34. Rxf7 Qxf7 35. h3 Re1+ 36. Kh2 Re2 37. Bf4 Qd5 0-1


[Site "https://www.chess.com"]

[Event "Titled Tuesday Blitz August 08 Early 2023"]
[White "Bernadskiy, Vitaliy"]
[Black "Matyukov, Petr"]
[WhiteFideId "14100371"]
[BlackFideId "4103688"]
[WhiteElo "2868"]
[BlackElo "2587"]
[Result "1-0"]
[Round "2"]
[TimeControl "180+1"]
[Date "2023.08.08"]
[WhiteClock "0:01:25"]
[BlackClock "0:00:00"]
[Board "45"]

1. d4 Nf6 2. Nf3 e6 3. c3 c5 4. Bf4 b6 5. e3 Bb7 6. Nbd2 Be7 7. h3 d6 8. a4 a6 9. Be2 Nbd7 10. O-O O-O 11. Nc4 d5 12. Nce5 Rc8 13. Bd3 Ne4 14. Qe2 f6 15. Nxd7 Qxd7 16. Bxa6 Bxa6 17. Qxa6 c4 18. Qxb6 Bd8 19. Qb5 Qa7 20. a5 Bc7 21. Qd7 e5 22. Qxd5+ Kh8 23. Qxe4 exf4 24. exf4 Bxa5 25. Qf5 Ra8 26. Rfe1 Qb6 27. Re2 Qc7 28. Rae1 Bb6 29. Re7 Qc6 30. Qg4 Rg8 31. Nh4 h6 32. Ng6+ Kh7 33. Qf5 1-0


[Site "https://www.chess.com"]

[Event "Titled Tuesday Blitz August 08 Early 2023"]
[White "Moskvin, Anatoly"]
[Black "Pranav Anand"]
[WhiteFideId "24199990"]
[BlackFideId "46626786"]
[WhiteElo "2586"]
[BlackElo "2864"]
[Result "0-1"]
[Round "2"]
[TimeControl "180+1"]
[Date "2023.08.08"]
[WhiteClock "0:00:09"]
[BlackClock "0:01:31"]
[Board "46"]

1. e4 e5 2. Nf3 Nc6 3. Bc4 Nf6 4. d3 Bc5 5. c3 d6 6. Nbd2 a6 7. Bb3 Ba7 8. h3 Ne7 9. Nf1 Ng6 10. Ng3 c6 11. Nh2 Be6 12. Ng4 h5 13. Ne3 Nf4 14. Ngf5 Bxf5 15. Nxf5 g6 16. Bxf4 exf4 17. Nd4 Bxd4 18. cxd4 Qb6 19. e5 Nd5 20. exd6 O-O 21. O-O Qxd4 22. Re1 Rad8 23. Re4 Qxb2 24. Rb1 Qf6 25. Bxd5 cxd5 26. Re7 b5 27. a4 Rxd6 28. Ra7 Qd4 29. Rb7 bxa4 30. R1b4 Qe5 31. Rxa4 Rc8 32. Ra7 f3 33. gxf3 Qg5+ 34. Kh2 Rf6 35. R4xa6 Rxa6 36. Rxa6 Rc1 0-1


[Site "https://www.chess.com"]

[Event "Titled Tuesday Blitz August 08 Early 2023"]
[White "Atanasov, Anthony"]
[Black "Janik, Igor"]
[WhiteFideId "2623897"]
[BlackFideId "1159259"]
[WhiteElo "2586"]
[BlackElo "2855"]
[Result "0-1"]
[Round "2"]
[TimeControl "180+1"]
[Date "2023.08.08"]
[WhiteClock "0:00:02"]
[BlackClock "0:00:53"]
[Board "47"]

1. d4 d6 2. e4 g6 3. h4 Nf6 4. Nc3 Bg7 5. Be2 h5 6. Be3 a6 7. a4 Nc6 8. d5 Ne5 9. f4 Neg4 10. Bd4 c5 11. dxc6 bxc6 12. e5 dxe5 13. fxe5 Nd5 14. Nxd5 Qxd5 15. Bf3 Qa5+ 16. Bc3 Qc7 17. Bxg4 Bxg4 18. Nf3 Bxf3 19. Qxf3 Bxe5 20. O-O O-O 21. Bxe5 Qxe5 22. Qxc6 Rfc8 23. Qf3 Qd4+ 24. Qf2 Qxf2+ 25. Rxf2 Rc4 26. g3 Rac8 27. c3 f6 28. Rd2 Kf7 29. a5 R8c5 30. Rd7 Re4 31. Ra7 Re6 32. Rd1 Rxa5 33. Rdd7 Re2 34. Kf1 Rae5 35. b4 Rc2 36. Rdc7 Re3 37. c4 f5 38. Rxa6 Rf3+ 39. Ke1 Rxg3 40. Kd1 Rh2 41. Rd6 Rg1# 0-1


[Site "https://www.chess.com"]

[Event "Titled Tuesday Blitz August 08 Early 2023"]
[White "banhgiahuy2606"]
[Black "Timofeev, Artyom"]
[BlackFideId "4140419"]
[WhiteElo "2586"]
[BlackElo "2843"]
[Result "1-0"]
[Round "2"]
[TimeControl "180+1"]
[Date "2023.08.08"]
[WhiteClock "0:00:38"]
[BlackClock "0:00:00"]
[Board "48"]

1. e4 e6 2. b3 d5 3. Bb2 dxe4 4. Nc3 Nf6 5. Qe2 Be7 6. Nxe4 O-O 7. Nf3 a5 8. a4 Nc6 9. O-O-O Nb4 10. Nxf6+ Bxf6 11. Ne5 Qd5 12. f4 b6 13. h4 Bb7 14. Rh3 Qe4 15. Qxe4 Bxe4 16. d3 Bb7 17. g4 Nd5 18. g5 Be7 19. Bg2 Rab8 20. Nd7 Nxf4 21. Bxb7 Nxh3 22. Nxb8 Rxb8 23. Be4 Nf2 24. Re1 Nxe4 25. Rxe4 Bd6 26. Kd2 Kf8 27. Ke3 h6 28. gxh6 gxh6 29. Bf6 Ke8 30. Rg4 Kd7 31. Rg7 e5 32. Rh7 Ke6 33. Rxh6 Kf5 34. Bg5 Kg4 35. Rf6 Rf8 36. Ke4 Bc5 37. Kxe5 Re8+ 38. Kd5 Re2 39. d4 Bd6 40. c4 Rb2 41. c5 bxc5 42. dxc5 Bg3 43. Rxf7 Rxb3 44. c6 Rb4 45. Bd8 Rxa4 46. Bxc7 Bxh4 47. Be5 Bd8 48. Rd7 Bb6 49. Rb7 Bd8 50. Rb8 1-0


[Site "https://www.chess.com"]

[Event "Titled Tuesday Blitz August 08 Early 2023"]
[White "Rustemov, Alexander"]
[Black "Tatarinov, Dmitry"]
[WhiteFideId "4119002"]
[BlackFideId "24160067"]
[WhiteElo "2842"]
[BlackElo "2584"]
[Result "1/2-1/2"]
[Round "2"]
[TimeControl "180+1"]
[Date "2023.08.08"]
[WhiteClock "0:00:05"]
[BlackClock "0:00:18"]
[Board "49"]

1. d4 Nf6 2. c4 e6 3. Nf3 d5 4. Nc3 dxc4 5. e3 a6 6. a4 c5 7. Bxc4 Nc6 8. O-O cxd4 9. Nxd4 Bd7 10. b3 Bb4 11. Bb2 Nxd4 12. Qxd4 Bc6 13. Rfd1 Qxd4 14. Rxd4 Bc5 15. Rd2 Ke7 16. Kf1 Rhd8 17. Rad1 Rxd2 18. Rxd2 Rc8 19. Rc2 g5 20. h3 h5 21. Bd3 Rd8 22. Be2 g4 23. hxg4 hxg4 24. Nb1 Bd6 25. Ba3 Bxa3 26. Nxa3 Rh8 27. Kg1 g3 28. fxg3 Nd5 29. Nc4 Nb4 30. Rd2 Bd5 31. Bf3 Bxc4 32. bxc4 b6 33. Kf2 Rc8 34. Rd4 Rc5 35. g4 Ra5 36. Bd1 Nc6 37. Rd2 Ne5 38. Be2 Rxa4 39. Rb2 Nd7 40. Kf3 Ra5 41. Kf4 Rc5 42. Ra2 a5 43. g5 Ne5 44. Rb2 Nxc4 45. Bxc4 Rxc4+ 46. e4 Rb4 47. Rc2 a4 48. Rc7+ Kf8 49. Ke5 Kg7 50. Ra7 Rb5+ 51. Kf4 Ra5 52. Rc7 a3 53. Rc1 a2 54. Ra1 b5 55. Ke3 b4 56. Kd3 b3 57. Kc3 Rb5 58. Kb2 Kg6 59. Rf1 Kxg5 60. Rxf7 Ra5 61. Rf1 Kg4 62. Ra1 Kg3 63. Kxb3 Kxg2 64. e5 Kf3 65. Kb2 Rxe5 66. Rf1+ Kg2 67. Rf8 Re2+ 68. Ka1 e5 69. Rf2+ Kxf2 1/2-1/2


[Site "https://www.chess.com"]

[Event "Titled Tuesday Blitz August 08 Early 2023"]
[White "Prokofiev, Valentyn"]
[Black "Ibarra Jerez, Jose Carlos"]
[WhiteFideId "14160161"]
[BlackFideId "2226332"]
[WhiteElo "2584"]
[BlackElo "2841"]
[Result "1/2-1/2"]
[Round "2"]
[TimeControl "180+1"]
[Date "2023.08.08"]
[WhiteClock "0:00:08"]
[BlackClock "0:00:02"]
[Board "50"]

1. Nf3 d5 2. c4 d4 3. b4 g5 4. Nxg5 e5 5. Ne4 Bxb4 6. a3 Bf8 7. d3 f5 8. Ng3 Nf6 9. e4 dxe3 10. fxe3 Nc6 11. Be2 Bc5 12. Bh5+ Ke7 13. Nc3 Rg8 14. Bf3 Be6 15. O-O f4 16. Nge4 Nxe4 17. Nxe4 Bxe3+ 18. Bxe3 fxe3 19. Qe2 Qd4 20. Rab1 Rab8 21. Rfe1 b6 22. Ng3 Nd8 23. Be4 Bg4 24. Qxe3 Ne6 25. Bd5 Qxe3+ 26. Rxe3 Rg5 27. Bxe6 Kxe6 28. d4 Rd8 29. d5+ Ke7 30. Ne4 Bf5 31. Nxg5 Bxb1 32. Rxe5+ Kf6 33. Nf3 Ba2 34. Re6+ Kf7 35. Ne5+ Kf8 36. Kf2 b5 37. Ke3 bxc4 38. Kd4 Rxd5+ 39. Kxd5 c3+ 40. Kd4 Bxe6 41. Kxc3 Bd5 42. g3 Ke7 43. Kd4 Kd6 44. Nd3 Bg2 45. Nc5 Kc6 46. Ne6 Bh3 47. Ng5 Bf5 48. Nf7 Kb5 49. Kc3 Bg6 50. Ne5 Bf5 51. g4 Be6 52. h4 Kc5 53. g5 Kd5 54. Nd3 Bf7 55. Nb4+ Kd6 56. Nd3 c5 57. Nf4 Ke5 58. Nd3+ Kf5 59. Nxc5 Kg4 60. Nb7 Kxh4 61. Nd6 Bd5 62. Nc8 a6 63. Ne7 Be6 64. g6 h5 65. g7 Kg3 66. Kd4 h4 67. Ke5 Bf7 68. Kf6 Ba2 69. Ke5 Bf7 70. Kf6 Bc4 71. Ke5 Bf7 1/2-1/2


[Site "https://www.chess.com"]

[Event "Titled Tuesday Blitz August 08 Early 2023"]
[White "Salinas Herrera, Pablo"]
[Black "Zavgorodniy, Sergiy"]
[WhiteFideId "3407128"]
[BlackFideId "14110148"]
[WhiteElo "2840"]
[BlackElo "2581"]
[Result "0-1"]
[Round "2"]
[TimeControl "180+1"]
[Date "2023.08.08"]
[WhiteClock "0:01:20"]
[BlackClock "0:00:26"]
[Board "51"]

1. d4 Nf6 2. Nf3 d6 3. Nbd2 Nbd7 4. e4 e5 5. c3 c6 6. Bd3 Be7 7. O-O O-O 8. Re1 Re8 9. Nf1 Qc7 10. Ng3 Nf8 11. h3 a5 12. a4 Bd7 13. Be3 Rad8 14. Qd2 Bc8 15. Rad1 Ng6 16. Qc2 h6 17. Bf1 Nh7 18. Nf5 Ng5 19. Nxe7+ Qxe7 20. Nxg5 hxg5 21. dxe5 dxe5 22. Bb6 Rxd1 23. Rxd1 Nf4 24. Bxa5 g4 25. hxg4 Bxg4 26. f3 Be6 27. Qf2 Qg5 28. g3 g6 29. Bb6 Nh3+ 30. Bxh3 Bxh3 31. Be3 Qh5 32. Rd6 Kg7 33. g4 Bxg4 34. fxg4 Qxg4+ 35. Qg2 Qh4 36. Bf2 Qe7 37. Bc5 Qh4 38. Qf2 Qg5+ 39. Kf1 Rh8 40. Be3 Rh1+ 41. Ke2 Qg4+ 42. Kd3 Qd1+ 43. Bd2 Rh3+ 44. Kc4 Qxa4+ 45. b4 Qa2+ 46. Kc5 Qa7+ 47. Kc4 Qxf2 0-1


[Site "https://www.chess.com"]

[Event "Titled Tuesday Blitz August 08 Early 2023"]
[White "Eynullayev, Altay"]
[Black "Kushko, Dmitriy"]
[WhiteFideId "13413562"]
[BlackFideId "14162261"]
[WhiteElo "2578"]
[BlackElo "2837"]
[Result "0-1"]
[Round "2"]
[TimeControl "180+1"]
[Date "2023.08.08"]
[WhiteClock "0:00:50"]
[BlackClock "0:01:21"]
[Board "52"]

1. e4 g6 2. d4 Bg7 3. Nc3 d6 4. Bg5 a6 5. a4 Nc6 6. Nge2 h6 7. Be3 e5 8. d5 Nce7 9. Qd2 f5 10. f3 Nf6 11. O-O-O b5 12. Qd3 fxe4 13. fxe4 Ng4 14. Bd2 Nf2 15. Qe3 Nxh1 16. Qg1 bxa4 17. Nxa4 Bd7 18. Nec3 O-O 19. Qxh1 Nc8 20. Be2 Nb6 21. Nxb6 cxb6 22. h3 b5 23. Bg4 Rc8 24. Qe1 Bxg4 25. hxg4 Qc7 0-1


[Site "https://www.chess.com"]

[Event "Titled Tuesday Blitz August 08 Early 2023"]
[White "Talibov, Shiroghlan"]
[Black "vishwa_vijeta"]
[WhiteFideId "13429078"]
[WhiteElo "2832"]
[BlackElo "2576"]
[Result "1-0"]
[Round "2"]
[TimeControl "180+1"]
[Date "2023.08.08"]
[WhiteClock "0:00:22"]
[BlackClock "0:00:04"]
[Board "53"]

1. c4 c5 2. Nc3 Nc6 3. g3 g6 4. Bg2 Bg7 5. d3 e5 6. h4 h5 7. e4 d6 8. Bg5 Bf6 9. Be3 Nge7 10. Bh3 O-O 11. Bxc8 Qxc8 12. Nf3 Bg7 13. Ng5 f6 14. Nh3 f5 15. f3 Nd4 16. Ng5 fxe4 17. dxe4 Bf6 18. f4 exf4 19. gxf4 Ne6 20. Nd5 Nxd5 21. Qxd5 Bxg5 22. hxg5 Kh7 23. f5 Ng7 24. Qxd6 Qe8 25. Qxg6+ Qxg6 26. fxg6+ Kxg6 27. O-O-O Rad8 28. Bxc5 Rxd1+ 29. Rxd1 Rc8 30. Rd6+ Kxg5 31. Be3+ Kg4 32. b3 Kf3 33. Bd4 Ne8 34. Rh6 Kxe4 35. Bxa7 Ra8 36. Bb6 Rxa2 37. Re6+ Kf3 38. Re3+ Kg2 39. Rxe8 h4 40. Rg8+ Kf3 41. Rh8 Kg4 42. Rg8+ Kf3 43. Bc7 h3 44. Rg3+ Ke4 45. Rxh3 b5 46. cxb5 Kd5 47. Rc3 Ra1+ 48. Kb2 Rh1 49. b6 Rh2+ 50. Rc2 1-0


[Site "https://www.chess.com"]

[Event "Titled Tuesday Blitz August 08 Early 2023"]
[White "Unat, Can Haktan"]
[Black "Bharath Subramaniyam H"]
[WhiteFideId "6398073"]
[BlackFideId "46634827"]
[WhiteElo "2574"]
[BlackElo "2826"]
[Result "0-1"]
[Round "2"]
[TimeControl "180+1"]
[Date "2023.08.08"]
[WhiteClock "0:00:57"]
[BlackClock "0:01:16"]
[Board "54"]

1. d4 d5 2. Nf3 c6 3. c4 Nf6 4. Nc3 dxc4 5. Qc2 b5 6. e4 e6 7. Be2 a6 8. O-O Be7 9. Bg5 h6 10. Bh4 O-O 11. Rad1 Nbd7 12. d5 cxd5 13. exd5 exd5 14. Nd4 Ne5 15. Bg3 Ng6 16. Nc6 Qb6 17. Nxe7+ Nxe7 18. Bf3 Be6 19. Rfe1 Rad8 20. Bh4 g5 21. Bg3 d4 22. Ne4 Nxe4 23. Bxe4 d3 24. Qc3 f6 25. Bxd3 Rxd3 26. Rxd3 cxd3 27. Bc7 Nd5 28. Bxb6 Nxc3 29. bxc3 Bxa2 30. Bd4 Bb3 31. Be3 Re8 32. Bd2 Rxe1+ 33. Bxe1 a5 34. c4 a4 35. cxb5 a3 36. Bc3 a2 37. Kf1 d2 0-1


[Site "https://www.chess.com"]

[Event "Titled Tuesday Blitz August 08 Early 2023"]
[White "JeRoma71"]
[Black "Ince, Taylan Ruzgar"]
[BlackFideId "44513089"]
[WhiteElo "2826"]
[BlackElo "2571"]
[Result "1-0"]
[Round "2"]
[TimeControl "180+1"]
[Date "2023.08.08"]
[WhiteClock "0:00:24"]
[BlackClock "0:00:06"]
[Board "55"]

1. Nf3 Nf6 2. g3 c5 3. Bg2 g6 4. O-O Bg7 5. c4 O-O 6. Nc3 d5 7. cxd5 Nxd5 8. d3 Nc6 9. Nxd5 Qxd5 10. Be3 Qd6 11. Rc1 Nd4 12. Bxd4 cxd4 13. Nd2 Rb8 14. Ne4 Qa6 15. a3 b6 16. Qb3 Qa5 17. Rc7 Be6 18. Qb4 Qxb4 19. axb4 a5 20. b5 Rfc8 21. Rfc1 Bf8 22. Nd2 Bh6 23. f4 g5 24. Rxc8+ Bxc8 25. Rc7 gxf4 26. Nc4 fxg3 27. hxg3 Be6 28. Rxe7 Bf8 29. Rc7 Bc5 30. Kh2 Bxc4 31. dxc4 Re8 32. Bf3 Kg7 33. Kh3 Kg6 34. Bd5 Rxe2 35. Bxf7+ Kf6 36. b3 Re3 37. Bh5 Rxb3 38. Rxh7 a4 39. Bd1 Rb4 40. Ra7 Rxc4 41. Rxa4 Rc1 42. Bf3 d3 43. Rf4+ Ke5 44. Re4+ Kf5 45. g4+ Kg5 46. Kg3 Rg1+ 47. Kh2 d2 48. Re5+ Kf4 49. Rf5+ Ke3 50. Kxg1 1-0


[Site "https://www.chess.com"]

[Event "Titled Tuesday Blitz August 08 Early 2023"]
[White "Do Nascimento,Christian Almeida"]
[Black "Tristan, Leonardo"]
[WhiteFideId "2143801"]
[BlackFideId "113816"]
[WhiteElo "2571"]
[BlackElo "2825"]
[Result "0-1"]
[Round "2"]
[TimeControl "180+1"]
[Date "2023.08.08"]
[WhiteClock "0:00:15"]
[BlackClock "0:00:17"]
[Board "56"]

1. d4 d5 2. Bf4 Nf6 3. e3 c5 4. c3 Nc6 5. Nf3 Bf5 6. Bd3 Bxd3 7. Qxd3 Qb6 8. Nbd2 e6 9. O-O Be7 10. a3 c4 11. Qc2 O-O 12. Ne5 Rfc8 13. h3 Qd8 14. Rae1 b5 15. Bh2 a5 16. f4 b4 17. a4 Rab8 18. f5 Bd6 19. e4 bxc3 20. bxc3 Nxe5 21. dxe5 Bc5+ 22. Kh1 Nxe4 23. Nxe4 dxe4 24. Qxe4 Qd3 25. Qg4 exf5 26. Qxf5 Qxf5 27. Rxf5 Rb3 28. Rf3 Ra3 29. Bg1 Bxg1 30. Kxg1 Rxa4 31. e6 f6 32. Rf4 Re8 33. Ree4 Re7 34. Kf2 Ra2+ 35. Kf3 Rd2 36. Rxc4 Rxe6 37. Rf5 Ree2 38. Rxa5 Rf2+ 39. Ke3 Rxg2 40. Ra7 h5 41. Rc5 h4 42. Rh5 Rc2 43. Kd3 Rgd2+ 44. Ke3 Rh2 45. Rxh4 Rxh3+ 46. Rxh3 Rxc3+ 47. Kf4 Rxh3 48. Kg4 Rc3 49. Kf5 Rc5+ 50. Kf4 Kh7 51. Ra1 Kg6 52. Rg1+ Rg5 53. Ra1 Rf5+ 54. Kg4 Rc5 55. Ra7 Rc4+ 56. Kf3 Kh6 57. Ra1 g6 58. Rh1+ Kg5 59. Rg1+ Kf5 60. Rb1 Rc3+ 61. Ke2 g5 62. Rb5+ Kg4 63. Rb4+ Kh5 64. Kf2 f5 65. Rb8 Kg4 66. Rb4+ f4 67. Rc4 Rxc4 0-1


[Site "https://www.chess.com"]

[Event "Titled Tuesday Blitz August 08 Early 2023"]
[White "Manukyan, Sargis A."]
[Black "Pakleza, Zbigniew"]
[WhiteFideId "13303970"]
[BlackFideId "1119290"]
[WhiteElo "2570"]
[BlackElo "2820"]
[Result "0-1"]
[Round "2"]
[TimeControl "180+1"]
[Date "2023.08.08"]
[WhiteClock "0:00:55"]
[BlackClock "0:00:07"]
[Board "57"]

1. d4 d6 2. Nf3 Bg4 3. g3 Bxf3 4. exf3 e6 5. Bg2 c6 6. f4 Ne7 7. O-O g6 8. c3 Bg7 9. Nd2 O-O 10. Re1 Nd7 11. Nc4 d5 12. Ne5 Rc8 13. a4 c5 14. Nxd7 Qxd7 15. dxc5 Rxc5 16. Be3 Rc6 17. a5 a6 18. Qa4 Qc8 19. Rad1 Rd8 20. Bb6 Rd7 21. Bf1 Nf5 22. Qa3 Nd6 23. Qa4 Nc4 24. Qb3 Nxb6 25. axb6 Qd8 26. c4 Rxb6 27. Qa4 Rxb2 28. cxd5 exd5 29. Rxd5 Qb6 30. Re8+ Bf8 31. Rxf8+ Kxf8 32. Qa3+ Kg8 33. Rc5 Rc7 34. Qxb2 Qxb2 35. Rxc7 b5 36. Rc8+ Kg7 37. Rc6 a5 38. Rb6 b4 39. Rb7 Qc3 40. h4 b3 41. Bg2 b2 42. Be4 Qe1+ 43. Kh2 Qxe4 44. Rxb2 Qd4 45. Ra2 a4 46. h5 gxh5 47. f5 Qc4 48. Rd2 a3 49. f4 a2 50. f6+ Kxf6 51. g4 hxg4 52. f5 Qf4+ 53. Kg2 Qxd2+ 54. Kg3 Qg5 55. Kg2 Qxf5 56. Kh2 Qf3 57. Kg1 a1=Q+ 58. Kh2 Qah1# 0-1


[Site "https://www.chess.com"]

[Event "Titled Tuesday Blitz August 08 Early 2023"]
[White "Mitrabha, Guha"]
[Black "Borgaonkar Akshay"]
[WhiteFideId "5057000"]
[BlackFideId "25639110"]
[WhiteElo "2819"]
[BlackElo "2569"]
[Result "1-0"]
[Round "2"]
[TimeControl "180+1"]
[Date "2023.08.08"]
[WhiteClock "0:00:20"]
[BlackClock "0:00:02"]
[Board "58"]

1. Nf3 Nf6 2. c4 g6 3. Nc3 Bg7 4. g3 O-O 5. Bg2 d6 6. O-O Nc6 7. d3 e5 8. Rb1 Nd4 9. Nxd4 exd4 10. Nb5 c5 11. b4 a6 12. Na3 cxb4 13. Rxb4 Qa5 14. Nc2 Qh5 15. Nxd4 Bh3 16. Nf3 Ng4 17. Rxb7 Rab8 18. Rxb8 Rxb8 19. Qd2 Bh6 20. Qc2 Bg7 21. Qa4 h6 22. Qxa6 Rb1 23. Qxd6 Kh7 24. Qe7 g5 25. Qe4+ Kh8 26. c5 f5 27. Qa8+ Kh7 28. c6 f4 29. c7 Nxh2 30. Qe4+ Kh8 31. Nxh2 fxg3 32. fxg3 Bxg2 33. Kxg2 1-0


[Site "https://www.chess.com"]

[Event "Titled Tuesday Blitz August 08 Early 2023"]
[White "Nozdrachev, Leonid"]
[Black "Rasulov, Vugar"]
[WhiteFideId "24113433"]
[BlackFideId "13402390"]
[WhiteElo "2568"]
[BlackElo "2819"]
[Result "0-1"]
[Round "2"]
[TimeControl "180+1"]
[Date "2023.08.08"]
[WhiteClock "0:00:22"]
[BlackClock "0:01:58"]
[Board "59"]

1. e4 c6 2. Nc3 d5 3. Nf3 dxe4 4. Nxe4 Nf6 5. Qe2 Na6 6. d4 Nxe4 7. Qxe4 Qd5 8. Qxd5 cxd5 9. Bb5+ Bd7 10. Bxd7+ Kxd7 11. Ne5+ Ke8 12. Be3 e6 13. c3 Bd6 14. Nd3 Kd7 15. Bf4 f6 16. Bxd6 Kxd6 17. Kd2 h5 18. Rae1 h4 19. h3 b6 20. Re2 Nc7 21. Rhe1 a5 22. Nf4 Rae8 23. b3 g5 24. Nd3 a4 25. c4 axb3 26. axb3 Ra8 27. c5+ bxc5 28. dxc5+ Kd7 29. Kc3 e5 30. Kb2 d4 31. b4 Kc6 32. Kb3 Nb5 33. Nxe5+ fxe5 34. Rxe5 Ra3+ 35. Kb2 Rha8 36. Rxg5 Ra2+ 0-1


[Site "https://www.chess.com"]

[Event "Titled Tuesday Blitz August 08 Early 2023"]
[White "Anuj Shrivatri"]
[Black "Taboas Rodriguez, Daniel"]
[WhiteFideId "35070924"]
[BlackFideId "2208466"]
[WhiteElo "2818"]
[BlackElo "2568"]
[Result "1-0"]
[Round "2"]
[TimeControl "180+1"]
[Date "2023.08.08"]
[WhiteClock "0:00:47"]
[BlackClock "0:00:00"]
[Board "60"]

1. e4 e5 2. Nf3 Nc6 3. Bb5 Nf6 4. d3 d6 5. c3 Bd7 6. O-O g6 7. Re1 Bg7 8. Nbd2 O-O 9. Nf1 Nh5 10. Ng3 Nxg3 11. hxg3 f5 12. Bg5 Qe8 13. Qd2 fxe4 14. dxe4 Bg4 15. Bc4+ Kh8 16. Qe3 Be6 17. Bb3 a6 18. Rad1 Qf7 19. Bd5 Rae8 20. b3 Bxd5 21. Rxd5 Bf6 22. Bh6 Bg7 23. Red1 Bxh6 24. Qxh6 Qg7 25. Qe3 Rf6 26. b4 Ref8 27. a4 h6 28. b5 axb5 29. axb5 Ne7 30. R5d2 b6 31. Ra1 g5 32. Ra7 Ng6 33. c4 R8f7 34. Nh2 Re6 35. Ng4 Ree7 36. Qd3 Kh7 37. Ne3 Qf6 38. Nd5 Qe6 39. Nxe7 Rxe7 40. Qd5 Qf6 41. Ra8 Qg7 42. Rda2 h5 43. Rb8 h4 44. Raa8 hxg3 45. fxg3 Rf7 46. Qd2 Qf6 47. Qe2 Nf8 48. Ra1 Ne6 49. Rf1 Qg6 50. Rxf7+ Qxf7 51. Qf3 Qg6 52. Rc8 Kg7 53. Qf5 Qh5 54. Qxe6 Qd1+ 55. Kh2 Qh5+ 56. Qh3 1-0


[Site "https://www.chess.com"]